 Dungeon Crawl Stone Soup version 0.26-a0-859-gf57989e088 (webtiles) character file.

Game seed: 12953452600053361367

0 Gargoyl the Skirmisher (level 1, -6/16 HPs)
             Began as a Gnoll Abyssal Knight on Nov 25, 2020.
             Was a Follower of Lugonu.
             Killed from afar by a smoke demon (22 damage)
             ... with a ball of steam
             ... on level 2 of the Abyss.
             The game lasted 00:00:42 (473 turns).

Gargoyl the Skirmisher (Gnoll Abyssal Knight)        Turns: 473, Time: 00:00:42

Health: -6/16      AC:  2    Str: 10    XL:     1   Next: 0%
Magic:  2/2        EV: 12    Int: 10    God:    Lugonu [*.....]
Gold:   104        SH:  0    Dex: 10    Spells: 0/0 levels left

rFire    . . .     SeeInvis .   a - +1 hand axe
rCold    . . .     Faith    .   (no shield)
rNeg     . . .     Spirit   .   b - +0 leather armour
rPois    .         Reflect  .   (no helmet)
rElec    .         Harm     .   (no cloak)
rCorr    .         Rampage  .   (no gloves)
MR       .....     Rnd*Rage +   (no boots)
Stlth    +.........             (no amulet)
HPRegen  0.00/turn              (no ring)
MPRegen  0.08/turn              (no ring)

@: no status effects
A: distributed training, fangs 1, [berserk 2], [clumsy 2], [deformed body],
[dopey 2], [frail 3], [low mp 2], [inhibited regeneration], [weak 2], strong
nose
a: Depart the Abyss, Renounce Religion


You were on level 2 of the Abyss.
You worshipped Lugonu.
Lugonu was aware of your devotion.
You visited 0 branches of the dungeon, and saw 0 of its levels.
You visited the Abyss 1 time.

You collected 104 gold pieces.

Inventory:

Hand Weapons
 a - a +1 hand axe (weapon)
Armour
 b - a +0 leather armour (worn)
Wands
 c - a wand of flame (22)


   Skills:
 + Level 6.4 Fighting
 + Level 0.0 Short Blades
 + Level 0.0 Long Blades
 + Level 4.4 Axes
 + Level 0.0 Maces & Flails
 + Level 0.0 Polearms
 + Level 0.0 Staves
 + Level 0.0 Slings
 + Level 0.0 Bows
 + Level 0.0 Crossbows
 + Level 0.0 Throwing
 + Level 4.4 Armour
 + Level 2.3 Dodging
 + Level 0.0 Stealth
 + Level 0.0 Shields
 + Level 0.0 Unarmed Combat
 + Level 0.0 Spellcasting
 + Level 0.0 Conjurations
 + Level 0.0 Hexes
 + Level 0.0 Summonings
 + Level 0.0 Necromancy
 + Level 0.0 Translocations
 + Level 0.0 Transmutations
 + Level 0.0 Fire Magic
 + Level 0.0 Ice Magic
 + Level 0.0 Air Magic
 + Level 0.0 Earth Magic
 + Level 0.0 Poison Magic
 + Level 4.4 Invocations
 + Level 0.0 Evocations


You couldn't memorise any spells.
You didn't know any spells.
Your spell library was empty.

Dungeon Overview and Level Annotations

Branches:
Dungeon (0/15)

Altars:


Innate Abilities, Weirdness & Mutations

Your experience applies equally to all skills.
You have very sharp teeth.
Your uncanny sense of smell can sniff out nearby items.
[You often lose your temper in combat.]
[You are very clumsy. (Dex -4)]
[Armour fits poorly on your strangely shaped body.]
[You are very dopey. (Int -4)]
[You are extremely frail. (-30% HP)]
[Your magical capacity is very low. (-20% MP)]
[You do not regenerate when monsters are visible.]
[You are very weak. (Str -4)]


Message History

The wretched star pulses with an eldritch light!
You feel frail. x2
The wretched star pulses with an eldritch light!
You feel weaker. x2
The wretched star pulses with an eldritch light!
You feel less energetic. x2
The wretched star pulses with an eldritch light!
Your regeneration stops near monsters.
A lurking horror comes into view.
The wretched star pulses with an eldritch light!
Your body twists and deforms.
The wretched star pulses with an eldritch light!
You feel frail.
The wretched star pulses with an eldritch light!
You feel clumsy. x2; You feel stupid. x2
A smoke demon comes into view.
The smoke demon gestures at you. The ball of steam hits you!!
Ouch! That really hurt!
You die...

# .# .## .#..
.. .#. #.# ..
#.. .##
#..###..#
#..#..# #@..#
#####
#..#§#.##....##
#..§.*.#....#.
#....##.X..#.#
##...#..#.#..#
.....§##. .#..
##...##3..#.##*
..#...#.#.#X#.
#.#..# #.......


You could see a wretched star and a large abomination.

Vanquished Creatures (others)
  4 starspawn tentacles (Abyss:2)
4 creatures vanquished.

Notes
Turn   | Place    | Note
-------+----------+-------------------------------------------
     0 | Abyss:1  | Gargoyl the Gnoll Abyssal Knight began the quest for the
                  | Orb.
     0 | Abyss:1  | Reached XP level 1. HP: 23/23 MP: 3/3
   101 | Abyss:2  | Noticed a raiju
   107 | Abyss:2  | Noticed a raiju
   116 | Abyss:2  | Noticed a raiju
   221 | Abyss:2  | Noticed a large abomination
   223 | Abyss:2  | Noticed an Executioner
   227 | Abyss:2  | Noticed a large abomination
   239 | Abyss:2  | Noticed a large abomination
   307 | Abyss:2  | Noticed a raiju
   371 | Abyss:2  | Noticed a raiju
   420 | Abyss:2  | Noticed a large abomination
   442 | Abyss:2  | Noticed a tentacled starspawn
   452 | Abyss:2  | Noticed a wretched star
   473 | Abyss:2  | Noticed a smoke demon
   473 | Abyss:2  | Killed from afar by a smoke demon

Illustrated notes

Levels and vault maps discovered:
Abyss:2:  base: Temple, hangedman_cross_veins, minivault_20

Action                   || total
-------------------------++-------
  Use: Scroll            ||     1

Table legend: (Time is in decaauts)
 A = Elapsed time spent in this place.
 B = Non-inter-level travel time spent in this place.
 C = Inter-level travel time spent in this place.
 D = Time resting spent in this place.
 E = Time spent auto-exploring this place.
 F = Levels seen in this place.
 G = Mean time per level.
                   A        B        C        D        E       F      G
               +--------+--------+--------+--------+--------+-----+--------+
         Total |    475 |    475 |      0 |    291 |     92 |   2 |  237.5 |
         Abyss |    475 |    475 |      0 |    291 |     92 |   2 |  237.5 |
               +--------+--------+--------+--------+--------+-----+--------+

Top non-repeatable levels by time:
 Abyss:2: 411 daAuts
 Abyss:1: 64 daAuts
